 Dungeon Crawl Stone Soup version 0.29-a0-409-gd843f3a48c (webtiles) character file.

Game seed: 13351901837205113658

82735 hquester the Unseen (level 15, -17/81 HPs)
             Began as a Spriggan Hunter on May 12, 2022.
             Demolished by an orc knight
             ... wielding a +0 glaive
              (50 damage)
             ... on level 2 of the Orcish Mines on May 13, 2022.
             The game lasted 04:39:32 (26212 turns).

hquester the Unseen (Spriggan Hunter)              Turns: 26212, Time: 04:39:35

Health: -17/81     AC:  6    Str:  7    XL:     15   Next: 30%
Magic:  26/26      EV: 48    Int: 12    God:
Gold:   1907       SH:  4    Dex: 37    Spells: 27/27 levels left

rFire   + . .      SeeInvis +   H - +9 dagger of the Inferno {vorpal, *Slow rPois Dex+4 SInv}
rCold   + . .      Faith    .   (no shield)
rNeg    + . .      Spirit   .   P - +2 robe {rN+}
rPois   +          Reflect  .   z - +2 hat
rElec   .          Harm     .   M - scarf {rC+ rF+}
rCorr   .          Rampage  .   (gloves unavailable)
Will    ++...                   (boots unavailable)
Stlth   ++++++++..              (no amulet)
HPRegen 0.23/turn               y - +6 ring of dexterity
MPRegen 0.20/turn               v - +4 ring of evasion

@: very quick
A: very small, no large weapons, unfitting armour, see invisible, speed 3,
hooves 1, large bone plates 1, agile 1
a: no special abilities


You were on level 2 of the Orcish Mines.
You visited 3 branches of the dungeon, and saw 20 of its levels.
You also visited: Sewer, Ossuary, Bailey and Volcano.

You collected 1955 gold pieces.
You spent 48 gold pieces at shops.

Inventory:

Hand Weapons
 a - a +4 shortbow of venom
 q - the +7 mace of the Unspeakable One {drain, *Noise rF+ Dex+7}
   (You found it on level 2 of the Dungeon)

   A truly terrible weapon, it drains the life of any living foe it strikes.
   Dex:       It affects your dexterity (+7).
   rF:        It protects you from fire.
   *Noise:    It may make noises in combat.
 E - the +8 falchion "Torinoc" {vorpal, Drain rPois rC++ Dex+4}
   (You found it in a bailey)

   It inflicts extra damage upon your enemies.
   Dex:       It affects your dexterity (+4).
   rC:        It greatly protects you from cold.
   rPois:     It protects you from poison.
   Drain:     It drains your maximum health when unequipped.
 H - the +9 dagger of the Inferno (weapon) {vorpal, *Slow rPois Dex+4 SInv}
   (You found it on level 1 of the Lair of Beasts)

   It inflicts extra damage upon your enemies.
   Dex:       It affects your dexterity (+4).
   rPois:     It protects you from poison.
   SInv:      It lets you see invisible.
   *Slow:     It may slow you when you take damage.
Armour
 z - a +2 hat (worn)
 M - a scarf of resistance (worn)
 P - a +2 robe of positive energy (worn)
Jewellery
 g - a ring of protection from fire
 k - the ring "Aguhoki" {rElec rCorr Str+4}
   (You acquired it on level 9 of the Dungeon)

   [ring of resist corrosion]

   Str:       It affects your strength (+4).
   rElec:     It insulates you from electricity.
   rCorr:     It protects you from acid and corrosion.
 v - a +4 ring of evasion (right hand)
 y - a +6 ring of dexterity (left hand)
Wands
 o - a wand of flame (25)
 p - a wand of mindburst (42)
 A - a wand of polymorph (13)
 G - a wand of charming (7)
 I - a wand of acid (4)
 L - a wand of paralysis (9)
Scrolls
 b - 4 scrolls of enchant armour
 d - a scroll of fog
 e - 8 scrolls of teleportation
 h - 5 scrolls of magic mapping
 l - 3 scrolls of summoning
 n - 3 scrolls of identify
 s - 4 scrolls of blinking
 B - 3 scrolls of brand weapon
 C - 3 scrolls of amnesia
 D - a scroll of fear
Potions
 c - a potion of ambrosia
 f - 10 potions of curing
 i - 4 potions of heal wounds
 j - 7 potions of haste
 m - 8 potions of mutation
 r - 7 potions of resistance
 t - 4 potions of berserk rage
 u - 5 potions of invisibility
 w - 4 potions of might
 F - 2 potions of cancellation
 K - 3 potions of magic
Miscellaneous
 O - a phantom mirror


   Skills:
 + Level 10.3 Fighting
 + Level 10.8 Short Blades
 + Level 15.0 Bows
 - Level 5.0 Armour
 + Level 15.6 Dodging
 + Level 17.6 Stealth
 * Level 6.9 Spellcasting
 + Level 8.8 Evocations


You had 27 spell levels left.
You didn't know any spells.
Your spell library contained the following spells:

 Spells                   Type           Power      Damage    Failure   Level
 Animate Skeleton         Necr           8%         N/A       17%         1
 Apportation              Tloc           8%         N/A       17%         1
 Foxfire                  Conj/Fire      16%        2x1d4     17%         1
 Shock                    Conj/Air       16%        1d4       17%         1
 Summon Small Mammal      Summ           16%        N/A       17%         1
 Blink                    Tloc           8%         N/A       26%         2
 Corpse Rot               Necr/Air       8%         N/A       26%         2
 Ensorcelled Hibernation  Hex/Ice        8%         N/A       26%         2
 Passwall                 Tmut/Erth      3%         N/A       26%         2
 Poisonous Vapours        Pois/Air       8%         N/A       26%         2
 Conjure Flame            Conj/Fire      4%         6-21      45%         3
 Frozen Ramparts          Ice            8%         1d2       45%         3
 Ignite Poison            Fire/Tmut/Pois 4%         N/A       45%         3
 Inner Flame              Hex/Fire       4%         N/A       45%         3
 Swiftness                Air            4%         N/A       45%         3
 Animate Armour           Summ/Erth      8%         N/A       86%         4
 Flame Wave               Conj/Fire      4%         2d5       86%         4
 Ice Form                 Ice/Tmut       4%         N/A       86%         4
 Sticky Flame             Conj/Fire      4%         2d3       86%         4
 Summon Ice Beast         Ice/Summ       4%         N/A       86%         4
 Lightning Bolt           Conj/Air       2%         1d13      99%         5
 Manifold Assault         Tloc           4%         N/A       99%         5
 Storm Form               Tmut/Air       2%         N/A       100%        7


Dungeon Overview and Level Annotations

Branches:
Dungeon (12/15)              Lair (6/6) D:8          Shoals (0/4) Lair:4
  Snake (0/4) Lair:3        Slime (0/5) Lair:5          Orc (2/2) D:12
    Elf (0/3) Orc:2         Sewer (visited)         Ossuary (visited)
 Bailey (visited)         Volcano (visited)
 Temple: D:4-7

Altars:
Xom
Yredelemnul

Shops:
D:5 *   D:9 =   D:10 ?

Annotations:
Lair:4 2 transporters, Zun Lasmi's ghost, journeyman VSTm
Lair:6 1 runed translucent door


Innate Abilities, Weirdness & Mutations

You are very small and have problems with some larger weapons.
You are too small for most types of armour.
You have supernaturally acute eyesight. (SInv)
You cover ground extremely quickly. (Speed+++)
You have large cloven feet.
You are partially covered in large bone plates. (SH +4)
You are agile. (Dex +2)


Message History

You hit the orc knight.
You kick the orc knight, but do no damage.
The orc knight is almost dead.
The orc warrior no longer looks unusually strong.
The orc warrior shoots a bolt.
You block the bolt.
The orc knight roars a battlecry!
The orcs go into a battle-frenzy!
You hear a shout!
You puncture the orc knight!
You kill the orc knight!
You hear a shout!
Things that are here:
a +0 trident; a +0 arbalest The orc warrior shoots a bolt.
The bolt hits you.
The orc warrior shouts!
You puncture the orc warrior! You kick the orc warrior.
The orc warrior is heavily wounded.
The orc warrior unwields a +0 arbalest.
The orc warrior wields a +0 battleaxe.
The orc warrior completely misses you.
You puncture the orc warrior! You kick the orc warrior.
The orc warrior is severely wounded.
You hit the orc warrior.
You kill the orc warrior!
Your Bows skill increases to level 15!
You hit the orc knight.
The orc knight is lightly wounded.
You puncture the orc knight! You kick the orc knight.
The orc knight is moderately wounded.
The orc knight roars a battlecry!
The orc warrior completely misses you.
An orc warrior comes into view. It is wielding a +0 mace.
You puncture the orc knight!
The orc knight is heavily wounded.
You hit the orc knight.
The orc knight is heavily wounded.
The orc warrior completely misses you.
The orc knight unwields a +0 arbalest.
The orc knight wields a +0 glaive.
The orc knight hits you with a +0 glaive!!!
Ouch! That really hurt!
You die...

.............
..oooo...... #
##≈≈≈≈.....#..#
###≈≈≈≈......#..#
#≈≈≈≈...........#
#≈≈≈..........# #
#≈≈....o.o...# ..#
#...##.o##).##...#
.......o@)).....#
..........).....##
...#.......######
...#........#
.........#.##
##.#........#
##.##.....#.##
#........########
#.##.#.####.#..##


You could see an orc knight (strong), 4 orc warriors and an orc (strong).

Vanquished Creatures
  An orc warlord (D:12)
  A stone giant (Volcano)
  A dire elephant (Lair:4)
  Josephine (Lair:5)
  The ghost of croobank the Covert, a journeyman GnDe of Gozag (D:10)
  3 hydras
  3 boulder beetles
  4 two-headed ogres
  7 death yaks
  An obsidian statue (Volcano)
  2 orc knights (Orc:2)
  2 lindwurms (Lair:6)
  Pikel (D:6)
  2 orc sorcerers
  3 manticores
  2 wolf spiders (Lair:6)
  24 elephants
  4 cyclopes
  Maurice (D:8)
  2 merfolk sirens (Lair:4)
  10 black mambas
  19 cane toads
  2 gargoyles
  5 torpor snails (Lair:6)
  The ghost of hquester the Covert, a novice SpEn of Sif Muna (D:6)
  A guardian serpent (Lair:6)
  7 komodo dragons
  2 unseen horrors
  An efreet (Volcano)
  4 kobold demonologists
  4 rime drakes
  2 trolls (D:12)
  3 polar bears
  8 hornets (Lair:6)
  3 tyrant leeches (Lair:6)
  2 merfolk (Lair:4)
  30 blink frogs
  A slime creature (Lair:5)
  7 dream sheep
  15 wyverns
  A vampire (D:11)
  A spriggan (Lair:4)
  6 shadows
  5 wraiths (Lair:5)
  54 yaks
  3 basilisks
  9 fire bats
  2 redbacks (Lair:6)
  6 vampire mosquitoes
  A steam dragon (D:9)
  A warg (D:12)
  A naga (Lair:3)
  26 water moccasins
  27 orc warriors
  A sky beast (D:8)
  An ice beast (D:5)
  7 ogres
  3 black bears
  12 wolves (Lair:3)
  5 centaurs
  2 phantoms
  3 lemures (D:6)
  15 kobold brigands
  A gnoll sergeant (D:8)
  12 bullfrogs
  2 earth elementals (Volcano)
  A scorpion (D:5)
  A troll zombie (D:12)
  3 killer bees (D:10)
  4 electric eels
  5 howler monkeys
  5 lava snakes (Volcano)
  2 human zombies (Ossuary)
  4 jellies
  6 hounds
  5 orc priests
  A gnoll shaman (D:5)
  Jessica (D:2)
  3 iguanas (D:5)
  17 orc wizards
  5 ogre zombies (D:12)
  4 mummies
  Robin (D:3)
  6 adders
  11 gnolls
  4 river rats (Sewer)
  An ufetubus (D:6)
  8 worms
  3 dart slugs
  50 orcs
  12 endoplasms
  2 giant cockroaches
  23 goblins
  16 hobgoblins
  4 jackals
  49 kobolds
  3 quokkas
  8 ball pythons
  4 bats
  3 frilled lizards
  3 gnoll zombies (Ossuary)
  3 goblin skeletons (D:12)
  A goblin zombie (Ossuary)
  2 hobgoblin skeletons (D:12)
  8 hobgoblin zombies
  A kobold zombie (D:8)
  3 orc skeletons (D:12)
  6 orc zombies (D:12)
  9 rats
  A butterfly (Lair:5)
712 creatures vanquished.

Vanquished Creatures (others)
  A gnoll (Bailey)
  98 fungi
  186 plants
285 creatures vanquished.

Grand Total: 997 creatures vanquished

Notes
Turn   | Place    | Note
-------+----------+-------------------------------------------
     0 | D:1      | hquester the Spriggan Hunter began the quest for the Orb.
     0 | D:1      | Reached XP level 1. HP: 10/10 MP: 2/2
    60 | D:1      | Found a faded altar of an unknown god.
   120 | D:1      | Reached skill level 2 in Stealth
   138 | D:1      | Reached skill level 5 in Bows
   138 | D:1      | Reached XP level 2. HP: 15/15 MP: 3/3
   866 | D:2      | Noticed Jessica
   889 | D:2      | Killed Jessica
   890 | D:2      | Reached skill level 3 in Stealth
   890 | D:2      | Reached XP level 3. HP: 18/18 MP: 4/4
  1061 | D:2      | Reached XP level 4. HP: 23/23 MP: 5/5
  1139 | D:2      | Identified the +7 mace of the Unspeakable One {drain,
                  | *Noise rF+ Dex+7}
  2034 | D:3      | Noticed Robin
  2164 | D:3      | Killed Robin
  2458 | D:4      | Reached skill level 4 in Stealth
  2458 | D:4      | Reached XP level 5. HP: 27/27 MP: 6/6
  2462 | D:4      | Found a glowing drain.
  2471 | Sewer    | Entered a sewer
  2658 | Sewer    | Reached skill level 5 in Stealth
  2658 | Sewer    | Reached XP level 6. HP: 32/32 MP: 7/7
  2757 | Sewer    | Reached skill level 5 in Dodging
  3222 | D:4      | Reached XP level 7. HP: 36/36 MP: 8/8
  3534 | D:5      | Entered Level 5 of the Dungeon
  3543 | D:5      | Reached skill level 6 in Stealth
  3849 | D:5      | Reached skill level 7 in Stealth
  3862 | D:5      | Reached XP level 8. HP: 42/42 MP: 9/9
  3906 | D:5      | Found Ipaas's Assorted Antiques.
  4313 | D:5      | Reached skill level 8 in Stealth
  5306 | D:6      | Found a runed translucent gate.
  5306 | D:6      | Found a runed translucent gate.
  5306 | D:6      | Found a runed translucent gate.
  5306 | D:6      | Noticed hquester's ghost (novice SpEn)
  5420 | D:6      | Noticed Pikel
  5436 | D:6      | Killed Pikel
  5437 | D:6      | Reached skill level 5 in Fighting
  5437 | D:6      | Reached skill level 9 in Stealth
  5437 | D:6      | Reached XP level 9. HP: 47/47 MP: 10/10
  5909 | D:6      | Noticed a cyclops
  5923 | D:6      | Killed a cyclops
  6082 | D:6      | Killed hquester's ghost
  6083 | D:6      | Reached skill level 10 in Stealth
  6650 | D:8      | Found a sand-covered staircase.
  6660 | Ossuary  | Entered an ossuary
  6973 | D:8      | Upgraded the game from 0.29-a0-398-ge13fd1374b to
                  | 0.29-a0-409-gd843f3a48c
  7020 | D:8      | Noticed Maurice
  7122 | D:8      | Found a staircase to the Lair.
  7321 | D:8      | Reached skill level 11 in Stealth
  7734 | D:8      | Killed Maurice
  7735 | D:8      | Reached skill level 10 in Bows
  7735 | D:8      | Reached XP level 10. HP: 53/53 MP: 11/11
  8096 | D:9      | Noticed a two-headed ogre
  8116 | D:9      | Killed a two-headed ogre
  8117 | D:9      | Reached skill level 10 in Dodging
  8235 | D:9      | Found Ytot Aky's Jewellery Emporium.
  8435 | D:9      | Found a flagged portal.
  8460 | Bailey   | Entered a bailey
  8606 | Bailey   | Reached skill level 12 in Stealth
  8648 | Bailey   | Noticed an orc sorcerer
  8668 | Bailey   | Killed an orc sorcerer
  8751 | Bailey   | Found an iron altar of Okawaru.
  8821 | Bailey   | Identified the +8 falchion "Torinoc" {vorpal, Drain rPois
                  | rC++ Dex+4}
  9513 | D:9      | Acquired the ring "Aguhoki" {rElec rCorr Str+4}
 10262 | D:10     | Entered Level 10 of the Dungeon
 10347 | D:10     | Found Jeump's Magic Scroll Shop.
 10354 | D:10     | Bought a scroll of identify for 24 gold pieces
 10354 | D:10     | Bought a scroll of identify for 24 gold pieces
 10389 | D:10     | Found a basalt altar of Yredelemnul.
 10506 | D:10     | Reached skill level 13 in Stealth
 10592 | D:10     | Reached XP level 11. HP: 58/58 MP: 12/12
 10788 | D:10     | Found a runed translucent gate.
 10788 | D:10     | Found a runed translucent gate.
 10788 | D:10     | Found a runed translucent gate.
 10789 | D:10     | Noticed croobank's ghost (journeyman GnDe)
 10946 | D:10     | You fall into a shaft and drop 2 floors!
 10963 | D:12     | Noticed a two-headed ogre
 11606 | D:10     | Killed croobank's ghost
 12058 | Lair:1   | Entered Level 1 of the Lair of Beasts
 12079 | Lair:1   | Reached skill level 14 in Stealth
 12332 | Lair:1   | Identified the +9 dagger of the Inferno {vorpal, *Slow
                  | rPois Dex+4 SInv}
 12426 | Lair:1   | Reached skill level 1 in Short Blades
 12597 | Lair:1   | Reached skill level 1 in Armour
 12897 | Lair:2   | Noticed a death yak
 13176 | Lair:2   | Noticed a death yak
 13196 | Lair:2   | Killed a death yak
 13197 | Lair:2   | Reached XP level 12. HP: 65/65 MP: 13/13
 13240 | Lair:2   | Noticed a death yak
 13243 | Lair:2   | Noticed a death yak
 13299 | Lair:2   | Killed a death yak
 13374 | Lair:2   | Killed a death yak
 13991 | Lair:2   | Reached skill level 15 in Stealth
 14019 | Lair:2   | Killed a death yak
 14020 | Lair:2   | Reached skill level 5 in Short Blades
 14469 | Lair:3   | Found a staircase to the Snake Pit.
 14540 | Lair:3   | Noticed a death yak
 14541 | Lair:3   | Noticed a death yak
 14541 | Lair:3   | Noticed a death yak
 14541 | Lair:3   | Noticed a death yak
 14698 | Lair:3   | Killed a death yak
 14770 | Lair:3   | Reached skill level 1 in Evocations
 14785 | Lair:3   | Noticed a death yak
 14843 | Lair:3   | Killed a death yak
 14854 | Lair:3   | Killed a death yak
 15255 | Lair:3   | Noticed a boulder beetle
 15261 | Lair:3   | Killed a boulder beetle
 15709 | Lair:4   | Reached XP level 13. HP: 70/70 MP: 14/14
 16245 | Lair:4   | Found a transporter.
 16245 | Lair:4   | Noticed Zun Lasmi's ghost (journeyman VSTm)
 16372 | Lair:4   | Reached skill level 16 in Stealth
 16511 | Lair:4   | Found a staircase to the Shoals.
 16740 | Lair:4   | Reached skill level 5 in Evocations
 16836 | Lair:4   | Found a transporter.
 16840 | Lair:4   | You fall into a shaft and drop 2 floors!
 16840 | Lair:6   | Entered Level 6 of the Lair of Beasts
 17075 | Lair:4   | Noticed a dire elephant
 17141 | Lair:4   | Killed a dire elephant
 17871 | Lair:5   | Found a staircase to the Slime Pits.
 17910 | Lair:5   | Noticed Josephine
 18056 | Lair:5   | Killed Josephine
 18057 | Lair:5   | Reached XP level 14. HP: 43/72 MP: 15/15
 19443 | Lair:6   | Reached skill level 10 in Short Blades
 19587 | Lair:6   | Reached skill level 17 in Stealth
 19824 | Lair:5   | Gained mutation: You have large cloven feet. [potion of
                  | mutation]
 19824 | Lair:5   | Gained mutation: You are partially covered in large bone
                  | plates. (SH +4) [potion of mutation]
 19824 | Lair:5   | Gained mutation: You are agile. (Dex +2) [potion of
                  | mutation]
 20351 | Lair:6   | Reached skill level 5 in Armour
 20423 | Lair:6   | Found a runed translucent door.
 20452 | Lair:6   | Reached skill level 1 in Spellcasting
 20669 | Lair:6   | Reached skill level 15 in Dodging
 21216 | Lair:6   | Reached skill level 10 in Fighting
 22257 | D:11     | Reached skill level 5 in Spellcasting
 22485 | D:11     | Got the Compendium of Ashen Air
 22828 | D:12     | Found a glowing silver altar of Zin.
 22830 | D:12     | Found a shimmering altar of Xom.
 22830 | D:12     | Found a glowing golden altar of the Shining One.
 22832 | D:12     | Found a stormy altar of Qazlal.
 22832 | D:12     | Found a basalt altar of Yredelemnul.
 22832 | D:12     | Found a blossoming altar of Fedhas.
 23210 | D:12     | Found a staircase to the Orcish Mines.
 23257 | D:12     | Reached XP level 15. HP: 80/80 MP: 24/24
 23768 | Orc:1    | Entered Level 1 of the Orcish Mines
 23805 | Orc:1    | Noticed an orc warlord
 23957 | D:12     | Killed an orc warlord
 24608 | Orc:1    | Found a dark tunnel.
 24617 | Volcano  | Entered a volcano
 25612 | Volcano  | Found a burning altar of Makhleb.
 25999 | Orc:2    | Entered Level 2 of the Orcish Mines
 25999 | Orc:2    | Found a staircase to the Elven Halls.
 26209 | Orc:2    | Reached skill level 15 in Bows
 26212 | Orc:2    | Demolished by an orc knight

Illustrated notes

Levels and vault maps discovered:
D:1:      dpeg_arrival_central, layout_basic,
          hellmonk_ecumenical_altar_leap_of_faith
D:2:      layout_rooms, minmay_tromino_mix6, uniq_jessica
D:3:      layout_basic, uniq_robin
D:4:      layout_basic, portal_sewer_entry_d, minmay_misc_feat_nine_boxes,
          nicolae_figureground_sparkle
D:5:      kennysheep_kobold_camp, layout_basic, serial_shops,
          nicolae_shop_overgrown_old_shop
D:6:      layout_basic, ebering_ghost_rock_garden, uniq_pikel
D:7:      layout_basic, minmay_temple_entry_ruins, biasface_ghost_orc_armoury,
          nicolae_zen_rock_garden, nrook_campfire, hellmonk_bongcloud_opening,
          kennysheep_decorative_pillar, worms_lemuel, uniq_prince_ribbit1
D:8:      layout_layer_cave, david_lair_generic, nicolae_ossuary_entry_giza,
          nicolae_water_bricks, uniq_maurice
D:9:      layout_loops_corners, serial_shops, shop, enter_bailey_4,
          palyth_stone_intersect
D:10:     layout_basic, mainiacjoe_overflow_concentric_impassable,
          gammafunk_ghost_nasty_kobolds, serial_shops, shop_scrolls
D:11:     layout_roguey, gauntlet_entry_generic
D:12:     layout_basic, zombieorc1_lemuel, doesnt_xom_only_xom
Lair:1:   layout_misc_corridors, minmay_holes, lemuel_fruit_tree
Lair:2:   layout_small_grid
Lair:3:   layout_regular_city, guppyfry_snake_entry_garden
Lair:4:   mu_elephants_graveyard, layout_regular_city,
          elwin_shoals_entry_stream, gammafunk_ghost_berserking_beasts,
          infiniplex_staircase_pool
Lair:5:   layout_concentric_octagons, minmay_slime_entry_pillars,
          minmay_stone_trees_small, serial_bayou_shore_b, grunt_megastairs_2,
          lemuel_fruit_fields, uniq_josephine
Lair:6:   hangedman_lair_tendril_chambers, layout_misc_corridors, wormcave,
          small_statue_intersection
Orc:1:    layout_caves, nicolae_volcano_entry_batcave, uniq_erica
Orc:2:    st_orc_rangers, layout_caves

Skill      XL: |  1  2  3  4  5  6  7  8  9 10 11 12 13 14 15 |
---------------+----------------------------------------------+-----
Stealth        | 2 3 4 5 7 9 11 13 14 15 16 17 | 17.6
Bows           | 5 6 7 8 10 11 12 13 14 15 | 15.0
Dodging        | 3 4 5 6 8 9 11 12 13 14 15 | 15.6
Fighting       | 2 3 4 5 6 7 8 9 10 | 10.3
Short Blades   | 3 7 9 10 | 10.8
Armour         | 1 3 4 5 |  5.0
Evocations     | 3 6 8 |  8.8
Spellcasting   | 5 6 |  6.9

Action                   |  1- 3 |  4- 6 |  7- 9 | 10-12 | 13-15 || total
-------------------------+-------+-------+-------+-------+-------++-------
Melee: Mace              |       |    13 |    10 |       |     3 ||    26
       Shortbow          |       |       |     1 |       |     1 ||     2
       Dagger            |       |       |       |    49 |   445 ||   494
       Punch             |       |       |       |     1 |     9 ||    10
       Kick              |       |       |       |       |   177 ||   177
 Fire: Shortbow          |    92 |   113 |   314 |   637 |   990 ||  2146
Evoke: Wand              |       |       |       |     6 |       ||     6
  Use: Scroll            |       |    11 |     6 |     9 |     8 ||    34
       Potion            |       |       |       |     2 |     2 ||     4
 Stab: Sleeping          |       |       |       |    12 |    32 ||    44
       Distracted        |       |       |       |       |     2 ||     2
Armor: Robe              |     2 |     7 |     2 |     4 |    11 ||    26
Dodge: Dodged            |    21 |    28 |    53 |   170 |   566 ||   838
Block: Other             |       |       |       |       |    59 ||    59

Table legend: (Time is in decaauts)
 A = Elapsed time spent in this place.
 B = Non-inter-level travel time spent in this place.
 C = Inter-level travel time spent in this place.
 D = Time resting spent in this place.
 E = Time spent auto-exploring this place.
 F = Levels seen in this place.
 G = Mean time per level.
                   A        B        C        D        E       F      G
               +--------+--------+--------+--------+--------+-----+--------+
         Total |  18359 |  18096 |    263 |   1174 |   8453 |  24 |  765.0 |
       Dungeon |   8650 |   8527 |    123 |    140 |   4924 |  12 |  720.8 |
          Lair |   6820 |   6681 |    139 |    723 |   2266 |   6 | 1136.7 |
  Orcish Mines |    507 |    507 |      0 |      0 |    279 |   2 |  253.5 |
         Sewer |    535 |    535 |      0 |      0 |    381 |   1 |  535.0 |
       Ossuary |    221 |    221 |      0 |      0 |      0 |   1 |  221.0 |
        Bailey |    679 |    679 |      0 |      0 |    247 |   1 |  679.0 |
       Volcano |    943 |    943 |      0 |    309 |    354 |   1 |  943.0 |
               +--------+--------+--------+--------+--------+-----+--------+

Top non-repeatable levels by time:
  Lair:5: 1703 daAuts
  Lair:6: 1582 daAuts
    D:12: 1186 daAuts
    D:10: 1100 daAuts
     D:5: 1073 daAuts
  Lair:3: 1058 daAuts
     D:8: 1052 daAuts
  Lair:2: 1015 daAuts
 Volcano: 943 daAuts
     D:9: 929 daAuts
  Lair:4: 891 daAuts
     D:6: 786 daAuts
     D:3: 701 daAuts
  Bailey: 679 daAuts
     D:1: 578 daAuts
